 Dungeon Crawl Stone Soup version 0.22.0-49-gab54619 (webtiles) character file.

105 HoaS the Skirmisher (level 5, -1/63 HPs)
             Began as a Human Berserker on Sept 8, 2018.
             Was a Believer of Trog.
             Slain by a big kobold (6 damage)
             ... in a sewer.
             The game lasted 00:09:14 (2852 turns).

HoaS the Skirmisher (Human Berserker)               Turns: 2852, Time: 00:09:17

Health: -1/63      AC:  6    Str: 22    XL:     5   Next: 8%
Magic:  5/5        EV: 12    Int:  7    God:    Trog [**....]
Gold:   119        SH:  0    Dex: 14    Spells: 4/4 levels left

rFire    . . .     SeeInvis .     - Unarmed
rCold    . . .     Gourm    .   (no shield)
rNeg     . . .     Faith    .   h - +0 ring mail
rPois    .         Spirit   .   d - +0 helmet
rElec    .         Reflect  .   (no cloak)
rCorr    .         Harm     .   (no gloves)
MR       .....                  (no boots)
Stlth    ..........             (no amulet)
HPRegen  0.20/turn              (no ring)
MPRegen  0.09/turn              (no ring)

@: berserking, slow
A: no striking features
a: Berserk, Trog's Hand, Renounce Religion


You were in a sewer.
You worshipped Trog.
Trog was pleased with you.
You were not hungry.

You visited 1 branch of the dungeon, and saw 3 of its levels.
You also visited: Sewer.

You collected 119 gold pieces.

Inventory:

Armour
 d - a +0 helmet (worn)
 h - a +0 ring mail (worn)
Jewellery
 f - an uncursed ring of flight
 n - an uncursed amulet of harm {unknown}
Scrolls
 l - a scroll of teleportation
Potions
 a - 2 potions of flight
 c - a potion of agility {unknown}
 e - a potion of lignification {unknown}
 g - 2 potions of might {unknown}
 i - a potion of heal wounds {unknown}
 j - 2 potions of ambrosia
 k - 3 potions of degeneration {unknown}
Comestibles
 b - 6 rations


   Skills:
 * Level 3.9 Fighting
 + Level 2.5 Armour
 + Level 2.6 Dodging
 * Level 3.9 Unarmed Combat


You had 4 spell levels left.
You didn't know any spells.
Your spell library was empty.

Dungeon Overview and Level Annotations

Branches:
Dungeon (3/15)

Altars:
Kikubaaqudgha

Annotations:
Sewer Grinder


Message History

You hit the adder.
You kill the adder!
Trog accepts your kill.
You have reached level 5!
The shadow imp closely misses you. The big kobold barely misses you.
The quasit barely misses you. The quasit misses you.
The quasit claws you but does no damage.
You eat one of the 7 rations.
That ration really hit the spot!
The shadow imp barely misses you. The kobold misses you.
The big kobold hits you but does no damage.
The quasit splashes around in the water.
The quasit closely misses you. The quasit barely misses you.
A red film seems to cover your vision as you go berserk!
You feel yourself moving faster!
You feel mighty!
You feel a lot more hungry.
The quasit bites you but does no damage.
The quasit barely misses you. The quasit claws you.
* * * LOW HITPOINT WARNING * * *
The shadow imp misses you. The kobold closely misses you.
The big kobold hits you.
You die... #≈≈.#.≈≈≈≈≈≈≈≈≈≈ #≈≈.#)≈≈≈≈≈≈≈≈≈≈≈≈≈≈ .. #≈≈.#))≈≈≈≈≈≈≈≈≈≈≈≈≈ '''

#≈≈.#)(≈≈≈≈≈≈≈≈≈≈≈≈≈ ...#
#≈≈.#(...≈≈≈≈≈≈≈≈≈≈≈
.§..###.####.###≈##≈##≈##
....5#S5≈#≈≈.≈..........≈
s._.§KKKK5≈≈≈≈.≈≈≈≈≈≈≈≈≈≈.
§....K#KK@#≈≈.......((...≈
..§..###5####.#≈###)≈#≈###
#...# #≈KZ#....≈≈≈≈≈≈≈≈≈≈≈
#''' #≈≈.#..≈≈≈≈≈≈≈≈≈≈≈≈≈
... #≈≈.#.≈≈≈≈≈≈≈≈≈≈≈≈≈≈
Z≈ #≈≈.#.≈≈≈≈≈≈≈≈≈≈≈≈≈≈
#≈≈.#.≈≈≈≈≈≈≈≈≈≈≈≈≈≈
#≈≈.+..≈≈≈≈≈≈≈≈≈≈≈≈≈
##.#################


You could see Grinder, 2 big kobolds, a quasit, an adder, 2 shadow imps and 5
kobolds.

Vanquished Creatures
  A big kobold zombie (Sewer)
  3 adders (Sewer)
  A shadow imp (Sewer)
  3 worms
  2 orcs (D:3)
  A ball python (D:1)
  4 bats
  3 giant cockroaches
  3 goblins
  2 hobgoblins
  A frilled lizard (D:3)
  14 kobolds
  5 rats
43 creatures vanquished.

Vanquished Creatures (others)
  A big kobold zombie (Sewer)
1 creature vanquished.

Grand Total: 44 creatures vanquished

Notes
Turn   | Place    | Note
-------+----------+-------------------------------------------
     0 | D:1      | HoaS the Human Berserker began the quest for the Orb.
     0 | D:1      | Reached XP level 1. HP: 18/18 MP: 1/1
   369 | D:1      | Reached XP level 2. HP: 24/24 MP: 2/2
  1450 | D:2      | Reached XP level 3. HP: 29/29 MP: 3/3
  1592 | D:3      | Found an ancient bone altar of Kikubaaqudgha.
  1719 | D:3      | Reached ** piety under Trog
  1742 | D:3      | Found a glowing drain.
  2007 | Sewer    | Entered a sewer
  2179 | Sewer    | Reached XP level 4. HP: 32/37 MP: 4/4
  2817 | Sewer    | Found a burning altar of Makhleb.
  2817 | Sewer    | Noticed a big kobold
  2826 | Sewer    | Noticed Grinder
  2834 | Sewer    | Noticed a big kobold
  2850 | Sewer    | Reached XP level 5. HP: 4/42 MP: 5/5
  2852 | Sewer    | Slain by a big kobold

Action                   |  1- 3 |  4- 6 || total
-------------------------+-------+-------++-------
Melee: Unarmed           |   126 |    76 ||   202
       Punch             |     2 |     1 ||     3
Invok: Berserk           |     1 |     1 ||     2
       Trog's Hand       |       |     1 ||     1
  Use: Scroll            |    10 |       ||    10
  Eat: Chunk             |     5 |     1 ||     6
       Ration            |       |     1 ||     1
Armor: Animal skin       |     3 |       ||     3
       Ring mail         |    37 |    54 ||    91
Dodge: Dodged            |    73 |    87 ||   160
